 Dungeon Crawl Stone Soup version 0.30.1-3-gfc49f6343a (webtiles) character file.

Game seed: 17651190394493486390

32 leafyfresh the Covert (level 3, -4/35 HPs)
             Began as a Gnoll Delver on Aug 4, 2023.
             Killed from afar by a white imp (10 damage)
             ... with a puff of frost
             ... on level 5 of the Dungeon.
             The game lasted 00:00:16 (284 turns).

leafyfresh the Covert (Gnoll Delver)                 Turns: 284, Time: 00:00:16

Health: -4/35      AC:  3    Str: 11    XL:     3   Next: 25%
Magic:  4/4        EV: 13    Int:  9    God:
Gold:   36         SH:  0    Dex: 15    Spells: 3/3 levels left

rFire   . . .        a - +0 short sword
rCold   . . .        (no shield)
rNeg    . . .        b - +0 leather armour
rPois   .            (no helmet)
rElec   .            (no cloak)
rCorr   .            (no gloves)
SInv    .            (no boots)
Will    .....        (no amulet)
Stlth   ++++         (no ring)
HPRegen 0.25/turn    (no ring)
MPRegen 0.09/turn

%: no passive effects
@: no status effects
A: fangs 1, strong nose, distributed training
a: no special abilities


You were on level 5 of the Dungeon.
You visited 1 branch of the dungeon, and saw 1 of its levels.

You collected 36 gold pieces.

Inventory:

Hand Weapons
 a - a +0 short sword (weapon)
Armour
 b - a +0 leather armour (worn)
Wands
 g - a wand of digging (3)
Scrolls
 c - 2 scrolls of fog
 d - a scroll of magic mapping
 e - a scroll of fear
Potions
 f - a potion of haste


   Skills:
 + Level 6.5 Fighting
 + Level 4.5 Short Blades
 + Level 0.7 Long Blades
 + Level 0.7 Axes
 + Level 0.7 Maces & Flails
 + Level 0.7 Polearms
 + Level 0.7 Staves
 + Level 0.7 Ranged Weapons
 + Level 0.7 Throwing
 + Level 0.7 Armour
 + Level 4.5 Dodging
 + Level 9.5 Stealth
 + Level 0.7 Shields
 + Level 0.7 Unarmed Combat
 + Level 0.7 Spellcasting
 + Level 0.5 Conjurations
 + Level 0.5 Hexes
 + Level 0.5 Summonings
 + Level 0.5 Necromancy
 + Level 0.5 Translocations
 + Level 0.5 Transmutations
 + Level 0.5 Fire Magic
 + Level 0.5 Ice Magic
 + Level 0.5 Air Magic
 + Level 0.5 Earth Magic
 + Level 0.5 Poison Magic
 + Level 0.9 Invocations
 + Level 0.7 Evocations


You had 3 spell levels left.
You didn't know any spells.
Your spell library was empty.

Dungeon Overview and Level Annotations

Branches:
Dungeon (5/15)
 Temple: D:4-7

Altars:


Innate Abilities, Weirdness & Mutations

You have very sharp teeth.
Your uncanny sense of smell can sniff out nearby items.
Your experience applies equally to all skills.


Message History

The white imp hits you but does no damage.
A white imp is nearby!
You hit the white imp.
You bite the white imp, but do no damage.
The white imp is heavily wounded.
A white imp is nearby!
You barely miss the white imp.
The white imp is heavily wounded.
The white imp hits you. The white imp freezes you.
A white imp is nearby!
You are too injured to fight recklessly!
A white imp is nearby!
You are too injured to fight recklessly!
A white imp is nearby!
You are too injured to fight recklessly!
A white imp is nearby!
You are too injured to fight recklessly!
Unknown command.
You hit the white imp.
The white imp is severely wounded.
The white imp grinds its teeth.
The white imp barely misses you.
You hit the white imp.
The white imp is severely wounded.
The white imp hits you.
* * * LOW HITPOINT WARNING * * *
The white imp freezes you.
* * * LOW HITPOINT WARNING * * *
You hit the white imp but do no damage. Your bite misses the white imp.
The white imp is severely wounded.
You hit the white imp but do no damage.
You bite the white imp, but do no damage.
The white imp is severely wounded.
The white imp barely misses you.
You closely miss the white imp.
You bite the white imp, but do no damage.
The white imp is severely wounded.
The white imp gestures at you. The puff of frost hits you!
You die...

. ....... ##.## ..
.......#.... ...
#......#.#.#### ...
#............. #.#.#..
#...........# #......
.#...........# #......
.........5...# ####......
........@....#+#.........
........####.............
!.....................#..
.......#####.............
....... #........#......
....... #.#....#.##...#.
....... #.######.##.#.#.
###.... #........##.#.#.
#.... ###########.#[#.


You could see a white imp.

Vanquished Creatures
  A hound (D:5)
  A dart slug (D:5)
2 creatures vanquished.

Notes
Turn   | Place    | Note
-------+----------+-------------------------------------------
     0 | D:5      | Reached skill level 9 in Stealth
     0 | D:5      | leafyfresh the Gnoll Delver began the quest for the Orb.
     0 | D:5      | Reached XP level 1. HP: 23/23 MP: 1/1
    61 | D:5      | Noticed a hound
    68 | D:5      | Killed a hound
    69 | D:5      | Reached XP level 2. HP: 29/29 MP: 1/3
    69 | D:5      | Reached XP level 3. HP: 35/35 MP: 1/4
   284 | D:5      | Killed from afar by a white imp

Illustrated notes

Levels and vault maps discovered:
D:5:      layout_basic, serial_shops, nicolae_shop_just_a_little_nook,
          amcnicky_mini_rare_corridor_liquid

Skill      XL: | |
---------------+-+-----
Stealth        | |  9.5
Fighting       | |  6.5
Short Blades   | |  4.5
Long Blades    | |  0.7
Axes           | |  0.7
Maces & Flails | |  0.7
Polearms       | |  0.7
Staves         | |  0.7
Ranged Weapons | |  0.7
Throwing       | |  0.7
Armour         | |  0.7
Dodging        | |  4.5
Shields        | |  0.7
Unarmed Combat | |  0.7
Spellcasting   | |  0.7
Conjurations   | |  0.5
Hexes          | |  0.5
Summonings     | |  0.5
Necromancy     | |  0.5
Translocations | |  0.5
Transmutations | |  0.5
Fire Magic     | |  0.5
Ice Magic      | |  0.5
Air Magic      | |  0.5
Earth Magic    | |  0.5
Poison Magic   | |  0.5
Invocations    | |  0.9
Evocations     | |  0.7

Action                     || total
---------------------------++-------
  Melee: Short sword       ||    17
         Bite              ||     4
   Stab: Sleeping          ||     1
 Armour: Leather armour    ||     2
  Dodge: Dodged            ||     5
